 Dungeon Crawl Stone Soup version 0.21.1-1-g345015f (webtiles) character file.

112 tyranidshit the Skirmisher (level 4, -12/38 HPs)
             Began as a Demonspawn Abyssal Knight on July 26, 2018.
             Was a Follower of Lugonu.
             Blown up by Ijyb (16 damage)
             ... with a wand of disintegration (12)
             ... on level 3 of the Dungeon.
             The game lasted 00:06:07 (1800 turns).

tyranidshit the Skirmisher (DsAK)                   Turns: 1800, Time: 00:06:10

Health: -12/38     AC: 11    Str: 13    XL:     4   Next: 64%
Magic:  5/5        EV:  1    Int: 13    God:    Lugonu [*.....]
Gold:   211        SH: 12    Dex: 17    Spells: 3/3 levels left

rFire    . . .     SeeInvis .   a - +2 hand axe
rCold    . . .     Gourm    .   o - +0 large shield
rNeg     . . .     Faith    .   m - +0 chain mail
rPois    .         Spirit   .   (helmet restricted)
rElec    .         Reflect  .   (no cloak)
rCorr    .         Harm     .   f - +2 pair of gloves
MR       .....                  (no boots)
Stlth    ..........             (no amulet)
HPRegen  0.12/turn              q - +4 ring of dexterity
MPRegen  0.09/turn              (no ring)

@: no status effects
A: horns 1, powered by pain 1
a: Depart the Abyss, Renounce Religion


You were on level 3 of the Dungeon.
You worshipped Lugonu.
Lugonu was aware of your devotion.
You were not hungry.

You visited 1 branch of the dungeon, and saw 3 of its levels.
You visited the Abyss 1 time.

You collected 211 gold pieces.

Inventory:

Hand Weapons
 a - a +2 hand axe (weapon)
Armour
 b - a +0 leather armour
 d - a +1 pair of gloves
 f - a +2 pair of gloves (worn)
 l - a +0 scale mail
 m - a +0 chain mail (worn)
 o - a +0 large shield (worn)
Jewellery
 q - a +4 ring of dexterity (left hand)
Wands
 e - a wand of disintegration (10)
 g - a wand of digging (12)
 h - a wand of random effects (25)
Scrolls
 i - a scroll of enchant weapon
 j - a scroll of identify
 k - a scroll of remove curse
 n - a scroll of magic mapping
Potions
 p - a potion of curing {unknown}
Comestibles
 c - 3 rations


   Skills:
 - Level 4.3 Fighting
 - Level 1.7 Axes
 - Level 1.7 Armour
 - Level 0.8 Dodging
 + Level 1.7 Shields
 - Level 2.4 Invocations
 - Level 2.0 Evocations


You had 3 spell levels left.
You didn't know any spells.

Dungeon Overview and Level Annotations

Branches:
Dungeon (3/15)

Altars:

Annotations:
D:3 Ijyb


Innate Abilities, Weirdness & Mutations

You have a pair of small horns on your head.
You sometimes gain a little power by taking damage.


Message History

Ijyb zaps a wand.
You are blasted!
* * * LOW HITPOINT WARNING * * *
It is a wand of disintegration (13).
Unknown command.
Ijyb hits you but does no damage.
Items here: ( )) † an uncursed whip; an uncursed blowgun; 15 poisoned needles; a kobold corpse Evoke which item? (* to show all) (? for menu, Esc to quit)
Aiming: Disintegrate
Press: ? - help, Shift-Dir - straight line, f - Ijyb
Aim: Ijyb, wielding a dagger, wearing a dyed leather armour and carrying a wand of disintegration (13) (chance to defeat MR: 81%) Ijyb is blasted.
You block Ijyb's attack.
Unknown command.
Your shield and chain mail prevent you from hitting Ijyb.
You headbutt Ijyb.
Ijyb is almost dead.
Ijyb zaps a wand.
You are blasted!
* * * LOW HITPOINT WARNING * * *
Ijyb zaps a wand.
You are blasted!
You die...

..........)....# #.... #
#..(....(....# #....
..###............# #....
#................###....
#......((........#......
#.......###.#+####.#....
#....##(# #.#.# #.#....
#?.. #.# #...# #.#....
#.. #@# ##..# #.#.... #.
#g# #..####.##### # ...
##>.....# ..... ########
......# .......#
##......# #......#


You could see Ijyb.

Vanquished Creatures
  A howler monkey zombie (D:2)
  Robin (D:3)
  3 adders (D:2)
  A shadow imp (D:3)
  A worm (D:2)
  4 leopard geckos
  4 bats
  12 goblins
  7 hobgoblins
  2 jackals (D:1)
  A quokka (D:2)
  A ball python (D:1)
  2 frilled lizards
  4 kobolds
  2 rats
46 creatures vanquished.

Notes
Turn   | Place    | Note
-------+----------+-------------------------------------------
     0 | Abyss:1  | tyranidshit the Demonspawn Abyssal Knight began the quest for the Orb.
     0 | Abyss:1  | Reached XP level 1. HP: 18/18 MP: 2/2
    66 | Abyss:1  | Noticed a large abomination
    87 | Abyss:1  | Noticed a thrashing horror
    87 | Abyss:1  | Noticed a thrashing horror
    89 | Abyss:1  | Noticed a storm dragon skeleton
   118 | Abyss:2  | Found a corrupted altar of Lugonu.
   159 | Abyss:2  | Noticed a sixfirhy
   162 | Abyss:2  | Found a corrupted altar of Lugonu.
   164 | Abyss:2  | Noticed a thrashing horror
   164 | Abyss:2  | Noticed a neqoxec
   166 | D:1      | Escaped the Abyss
   661 | D:1      | Gained mutation: You have a pair of small horns on your head. [demonic ancestry]
   661 | D:1      | Reached XP level 2. HP: 19/24 MP: 3/3
   974 | D:2      | Reached skill level 1 in Evocations
  1012 | D:2      | Reached XP level 3. HP: 5/30 MP: 4/4
  1258 | D:2      | Reached * piety under Lugonu
  1307 | D:2      | Reached skill level 4 in Fighting
  1368 | D:2      | Gained mutation: You sometimes gain a little power by taking damage. [demonic ancestry]
  1368 | D:2      | Reached XP level 4. HP: 33/38 MP: 5/5
  1764 | D:3      | Noticed Robin
  1768 | D:3      | Reached skill level 1 in Shields
  1773 | D:3      | Killed Robin
  1796 | D:3      | Noticed Ijyb
  1800 | D:3      | Blown up by Ijyb

Skill      XL: |  1  2  3  4 |
---------------+-------------+-----
Evocations     | 2 |  2.0
Fighting       | 4 |  4.3
Shields        | 1 |  1.7
Axes           | |  1.7
Armour         | |  1.7
Dodging        | |  0.8
Invocations    | |  2.4

Action                   |  1- 3 |  4- 6 || total
-------------------------+-------+-------++-------
Melee: Hand axe          |    58 |    41 ||    99
       Headbutt          |     4 |     5 ||     9
Invok: Depart the Abyss  |     1 |       ||     1
Evoke: Wand              |     4 |     2 ||     6
  Use: Scroll            |     6 |     2 ||     8
       Potion            |     2 |       ||     2
 Stab: Sleeping          |     1 |       ||     1
  Eat: Ration            |     1 |       ||     1
Armor: Leather armour    |    25 |       ||    25
       Scale mail        |    11 |     3 ||    14
       Chain mail        |       |    25 ||    25
Dodge: Dodged            |    40 |     4 ||    44
Block: Large shield      |       |    29 ||    29
